 Dungeon Crawl Stone Soup version 0.16-a0-326-g6f2d4d4 (webtiles) character file.

67 PolkaDot the Caller (level 4, 0/30 HPs)
             Began as a Vampire Summoner on Sept 4, 2014.
             Slain by Sigmund
             ... wielding a +3 scythe of protection
              (17 damage)
             ... on Level 2 of the Dungeon.
             The game lasted 00:05:43 (1959 turns).

PolkaDot the Caller (Vampire Summoner)              Turns: 1959, Time: 00:05:43

HP   0/30        AC  2     Str  7      XL: 4   Next:  0%
MP   1/7         EV 12     Int 16 (18) God:
Gold 69          SH  0     Dex 14      Spells:  3 memorised,  1 level left

rFire  . . .     SeeInvis +     g - +0 dagger
rCold  . . .     Clarity  .     a - +0 robe
rNeg   . . .     rCorr    .     (no shield)
rPois  .         rRot     .     (no helmet)
rElec  .         Spirit   .     (no cloak)
SustAb .         Warding  .     (no gloves)
rMut   .         Stasis   .     (no boots)
Gourm  .                        (no amulet)
MR     .....                    (no ring)
                                (no ring)

@: very slightly contaminated, regenerating quickly, not resistant to hostile
enchantments, unstealthy
A: fangs 3, see invisible, unbreathing
a: no special abilities


You were on level 2 of the Dungeon.
You were very full.

You visited 1 branch of the dungeon, and saw 2 of its levels.

You collected 69 gold pieces.

Inventory:

Hand weapons
 g - a +0 dagger (weapon)
Armour
 a - a +0 robe (worn)
Scrolls
 c - a scroll of recharging {unknown}
 e - a scroll of amnesia {unknown}
 f - 4 scrolls of identify {unknown}
 h - a scroll of random uselessness {unknown}
 j - a scroll of immolation {unknown}
Potions
 d - a potion of might {unknown}
 i - a potion of heal wounds
Books
 b - a book of Callings

   Spells                             Type                      Level
   *Summon Small Mammal               Summoning                    1
   *Call Imp                          Summoning                    2
   *Call Canine Familiar              Summoning                    3
   Summon Guardian Golem              Hexes/Summoning              4
   Summon Lightning Spire             Summoning/Air                4
   Summon Ice Beast                   Ice/Summoning                4


   Skills:
 - Level 2.1 Dodging
 - Level 3.0 Stealth
 - Level 2.0 Spellcasting
 * Level 5.6 Summonings


You had one spell level left.
You knew the following spells:

 Your Spells              Type           Power        Failure   Level  Hunger
a - Summon Small Mammal   Summ           ###.         1%          1    #......
d - Call Canine Familiar  Summ           ###.....     8%          3    ####...
s - Call Imp              Summ           ###.....     3%          2    ###....


Dungeon Overview and Level Annotations

Branches:
Dungeon (2/15)

Altars:

Annotations:
D:2 Sigmund


Innate Abilities, Weirdness & Mutations

Your natural rate of healing is unusually fast.
You have razor-sharp teeth.
You have supernaturally acute eyesight.
You can survive without breathing.


Message History

Casting: Summon Small Mammal
Confirm with . or Enter, or press ? or * to list all spells.
Sigmund closely misses you.
Sigmund points at you and mumbles some strange words.
You resist.
There is a stone staircase leading down here.
Casting: Call Canine Familiar
Confirm with . or Enter, or press ? or * to list all spells.
Sigmund points at you and mumbles some strange words.
The puff of flame hits you!
* * * LOW HITPOINT WARNING * * *
Casting: Summon Small Mammal
Confirm with . or Enter, or press ? or * to list all spells.
You miscast Call Imp.
You are very lightly contaminated with residual magic.
Strange energies run through your body.
* * * LOW MAGIC WARNING * * *
Your hound bites Sigmund.
Sigmund hits you with a runed scythe!
Ouch! That really hurt!
You die...

#########
#.......#
#.......#
#.......#
#.......#
#.@hr...#
#..@....#
####..#.#
##.#.#####
##.#..#>...
##.......###
#...........
###.##.#####
### #.....#
#..
###.#.#####
#.#


You could see Sigmund, a friendly hound and a friendly quokka.

Vanquished Creatures
  An adder (D:2)
  2 giant geckos
  2 oozes (D:2)
  2 giant cockroaches
  4 hobgoblins
  5 bats
  2 giant newts (D:1)
  5 goblins
  4 kobolds
  5 rats
32 creatures vanquished.

Vanquished Creatures (collateral kills)
  2 adders (D:2)
  2 worms (D:2)
  3 hobgoblins
  A quokka (D:2)
  A bat (D:1)
  2 kobolds (D:1)
11 creatures vanquished.

Vanquished Creatures (others)
  A shadow imp (D:2)
  A bat (D:2)
2 creatures vanquished.

Grand Total: 45 creatures vanquished

Notes
Turn   | Place    | Note
--------------------------------------------------------------
     0 | D:1      | PolkaDot, the Vampire Summoner, began the quest for the Orb.
     0 | D:1      | Reached XP level 1. HP: 13/13 MP: 3/3
   465 | D:1      | Reached XP level 2. HP: 14/19 MP: 4/4
   479 | D:1      | Learned a level 2 spell: Call Imp
  1000 | D:2      | Reached skill level 5 in Summonings
  1000 | D:2      | Reached XP level 3. HP: 8/24 MP: 1/6
  1209 | D:2      | Learned a level 3 spell: Call Canine Familiar
  1881 | D:2      | Reached XP level 4. HP: 25/30 MP: 0/7
  1953 | D:2      | Noticed Sigmund
  1959 | D:2      | Slain by Sigmund

Action                   |  1- 3 |  4- 6 || total
-------------------------+-------+-------++-------
Melee: Unarmed           |    47 |       ||    47
       Dagger            |   106 |       ||   106
 Cast: Summon Small Mamm |    16 |     1 ||    17
       Call Imp          |     8 |       ||     8
       Call Canine Famil |     3 |     1 ||     4
  Use: Potion            |     4 |       ||     4
 Stab: Sleeping          |     9 |       ||     9
  Eat: Corpse            |    12 |     1 ||    13
